 Dungeon Crawl Stone Soup version 0.18.1-50-g88ac8fd (webtiles) character file.

162 Patate the Covert (level 5, 0/25 HPs)
             Began as a Spriggan Assassin on Oct 25, 2016.
             Killed by divine providence
             ... invoked by an orc priest
              (14 damage)
             ... on level 4 of the Dungeon.
             The game lasted 00:13:43 (4512 turns).

Patate the Covert (Spriggan Assassin)               Turns: 4512, Time: 00:13:44

Health: 0/25       AC:  3    Str:  7    XL:     5   Next: 19%
Magic:  6/6        EV: 12    Int: 13    God:
Gold:   207        SH:  0    Dex: 18    Spells: 0 memorised, 4 levels left

rFire  . . .     SeeInvis +     b - +0 blowgun
rCold  . . .     Gourm    .     c - +0 robe
rNeg   . . .     Faith    .     (shield restricted)
rPois  .         Spirit   .     (helmet restricted)
rElec  .         Dismiss  .     d - +0 cloak
rCorr  .         Reflect  .     (gloves unavailable)
SustAt .         Harm     .     (boots unavailable)
MR     .....                    (no amulet)
Stlth  +++++.....               (no ring)
                                (no ring)

@: very quick, not resistant to hostile enchantments, quite stealthy
A: unfitting armour, see invisible, herbivore 3, speed 3, slow metabolism 2
a: no special abilities


You were on level 4 of the Dungeon.
You were not hungry.

You visited 1 branch of the dungeon, and saw 4 of its levels.

You collected 207 gold pieces.

Inventory:

Hand Weapons
 a - a +2 dagger
 b - a +0 blowgun (weapon)
Missiles
 e - 4 poisoned needles (quivered)
 f - 2 curare-tipped needles
Armour
 c - a +0 robe (worn)
 d - a +0 cloak (worn)
Scrolls
 h - 5 scrolls of identify {unknown}
 i - 2 scrolls of fear {unknown}
 k - a scroll of remove curse {unknown}
 l - a scroll of random uselessness {unknown}
 r - a scroll of amnesia {unknown}
Potions
 m - 2 potions of degeneration {unknown}
 n - a potion of curing
 o - a potion of heal wounds {unknown}
 p - a potion of agility {unknown}
 q - a potion of magic {unknown}
Comestibles
 g - 4 bread rations
 j - a slice of pizza


   Skills:
 - Level 1.5 Fighting
 + Level 3.9 Short Blades
 - Level 2.0 Throwing
 - Level 1.5 Dodging
 * Level 8.7 Stealth


You had 4 spell levels left.
You didn't know any spells.

Dungeon Overview and Level Annotations

Branches:
Dungeon (4/15)
 Temple: D:4-7

Altars:
Cheibriados
Okawaru


Innate Abilities, Weirdness & Mutations

You are tiny and cannot use many weapons and most armour.
You have supernaturally acute eyesight.
You are a herbivore.
You cover ground extremely quickly.
You need consume almost no food.


Message History

An orc comes into view. It is wielding a short sword.
Firing (i - inventory. (,) - cycle):
e - 6 poisoned needles (quivered)
Press: ? - help, Shift-Dir - straight line, f - orc priest
Aim: an orc priest, wielding a flail You shoot a poisoned needle.
The poisoned needle hits the orc priest.
The orc priest is poisoned.
The orc priest mumbles some strange prayers to Beogh against you.
Pain shoots through your body!
There is an open door here.
Firing (i - inventory. (,) - cycle):
e - 5 poisoned needles (quivered)
Press: ? - help, Shift-Dir - straight line, f/p - orc priest
Aim: an orc priest, wielding a flail (lightly wounded, poisoned)
You shoot a poisoned needle.
The poisoned needle hits the water moccasin skeleton.
There is a stone staircase leading up here.
The orc priest mumbles some strange prayers to Beogh against you.
Beogh smites you!
Ouch! That really hurt!
You die...

### #@# #.####
#.#.. #Z#.###
#######'#...#
#.........#.#
#....(o...# #
###.........+
............#..


You could see an orc priest and a water moccasin skeleton.

Vanquished Creatures
  Jessica (D:2)
  5 adders
  An ooze (D:2)
  3 worms
  4 dart slugs
  2 giant geckos
  3 ball pythons
  2 giant cockroaches (D:1)
  4 goblins
  9 hobgoblins
  2 jackals
  8 kobolds
  5 quokkas
  7 bats
  3 giant newts
  10 rats
69 creatures vanquished.

Notes
Turn   | Place    | Note
--------------------------------------------------------------
     0 | D:1      | Patate the Spriggan Assassin began the quest for the Orb.
     0 | D:1      | Reached XP level 1. HP: 10/10 MP: 2/2
   129 | D:1      | Reached skill level 6 in Stealth
   401 | D:1      | Reached XP level 2. HP: 14/14 MP: 3/3
   850 | D:2      | Reached XP level 3. HP: 18/18 MP: 4/4
   995 | D:2      | Reached skill level 7 in Stealth
  1188 | D:2      | Noticed Jessica
  1215 | D:2      | Killed Jessica
  1215 | D:2      | Reached XP level 4. HP: 8/22 MP: 5/5
  1508 | D:2      | Found a snail-covered altar of Cheibriados.
  1508 | D:2      | Found an iron altar of Okawaru.
  2134 | D:2      | Reached skill level 8 in Stealth
  3876 | D:3      | Reached XP level 5. HP: 25/25 MP: 6/6
  4423 | D:4      | Noticed a phantom
  4512 | D:4      | Killed from afar by an orc priest

Skill      XL: |  1  2  3  4 |
---------------+-------------+-----
Stealth        | 6 7 8 |  8.7
Short Blades   | 3 |  3.9
Fighting       | |  1.5
Throwing       | |  2.0
Dodging        | |  1.5

Action                   |  1- 3 |  4- 6 || total
-------------------------+-------+-------++-------
Melee: Dagger            |    99 |   144 ||   243
 Fire: Blowgun           |     6 |    16 ||    22
  Use: Potion            |     1 |     1 ||     2
 Stab: Sleeping          |     9 |     9 ||    18
       Distracted        |     1 |     3 ||     4
  Eat: Pizza             |       |     1 ||     1
Armor: Robe              |    23 |     7 ||    30
Dodge: Dodged            |    94 |    74 ||   168
